 Dungeon Crawl Stone Soup version 0.32-a0-876-gcfddb08e57 (webtiles) character file.

Game seed: 4567850443486951499

7 Dirtsage the Trooper (level 1, -1/18 HPs)
             Began as a Demonspawn Monk on Apr 1, 2024.
             Slain by a gnoll
             ... wielding a +0 spear
              (5 damage)
             ... on level 1 of the Dungeon.
             The game lasted 00:00:42 (68 turns).

Dirtsage the Trooper (Demonspawn Monk)                Turns: 68, Time: 00:00:42

Health: -1/18      AC:  2    Str: 11    XL:     1   Next: 83%
Magic:  1/1        EV: 12    Int: 10    God:
Gold:   0          SH:  0    Dex: 15    Spells: 0/0 levels left

rFire   . . .        a - +0 falchion
rCold   . . .        d - orb {light}
rNeg    . . .        b - +0 robe
rPois   .            (no helmet)
rElec   .            (no cloak)
rCorr   .            (no gloves)
SInv    .            (no boots)
Will    .....        (no amulet)
Stlth   +            (no ring)
HPRegen 0.23/turn    (no ring)
MPRegen 0.07/turn

%: no passive effects
@: glowing
A: no striking features
a: no special abilities


You were on level 1 of the Dungeon.
You visited 1 branch of the dungeon, and saw 1 of its levels.

Inventory:

Hand Weapons
 a - a +0 falchion (weapon)
Armour
 b - a +0 robe (worn)
 d - an orb of light (worn)


   Skills:
 + Level 3.1 Fighting
 + Level 2.8 Long Blades
 + Level 2.8 Dodging


You couldn't memorise any spells.
You didn't know any spells.
Your spell library was empty.

Dungeon Overview and Level Annotations

Branches:
Dungeon (1/15)

Altars:


Message History

* * * LOW HITPOINT WARNING * * *
You regained 2 hp, and now have 5/18 hp.
You bump into the rock wall.
The hobgoblin hits you.
* * * LOW HITPOINT WARNING * * *
You bump into the rock wall.
The hobgoblin closely misses you.
You regained 5 hp, and now have 10/18 hp.
You hit the hobgoblin.
You kill the hobgoblin!
You regained 3 hp, and now have 13/18 hp.
You bump into the rock wall.
The kobold barely misses you.
The gnoll hits you from afar with a +0 spear.
You regained 2 hp, and now have 15/18 hp.
You bump into the rock wall.
The kobold hits you with a +0 club. The gnoll barely misses you.
You bump into the rock wall.
The kobold hits you with a +0 club.
The gnoll hits you from afar with a +0 spear.
You take 4 damage, and have 12/18 hp.
MASSIVE DAMAGE!!
You hit the kobold but do no damage.
You feel less invigorated.
You feel less confused. The kobold hits you but does no damage.
The gnoll barely misses you.
Health restored: 18 You hit the kobold but do no damage.
The kobold hits you but does no damage. The gnoll barely misses you.
You closely miss the kobold. The kobold barely misses you.
The gnoll hits you from afar with a +0 spear!
The kobold completely misses you.
You take 8 damage, and have 10/18 hp.
MASSIVE DAMAGE!!
You hit the kobold.
You kill the kobold!
The gnoll completely misses you. The gnoll barely misses you.
Things that are here:
a +0 club; 2 stones; a hobgoblin corpse You barely miss the gnoll.
The gnoll hits you with a +0 spear. x2
* * * LOW HITPOINT WARNING * * *
You take 6 damage, and have 4/18 hp.
MASSIVE DAMAGE!!
You hit the gnoll.
The gnoll is heavily wounded.
The gnoll hits you with a +0 spear.
You die...

#.....#...#........#
#.....#####.###..... #.#.
.................... .#.#
.............###.#. .#.#.
...<........†# # ..#.#
..........g.g###.# ....#.
........)..K.....# #.....#
#.....######.######.......
#.....#...##...g@.........
#.....#.ß.#########.##.#..
#.....#...# .# #.....#####
.. #... ..# ..# ..# ..#


You could see a gnoll.

Vanquished Creatures
  An endoplasm (D:1)
  2 hobgoblins (D:1)
  A quokka (D:1)
  A bat (D:1)
  A kobold (D:1)
6 creatures vanquished.

Notes
Turn   | Place    | Note
-------+----------+-------------------------------------------
     0 | D:1      | Dirtsage the Demonspawn Monk began the quest for the Orb.
     0 | D:1      | Reached XP level 1. HP: 18/18 MP: 1/1
    68 | D:1      | Slain by a gnoll

Illustrated notes

Levels and vault maps discovered:
D:1:      minmay_arrival_glassed_features, layout_basic, minmay_misc_feat_chi,
          nicolae_the_louvre

Action                     || total
---------------------------++-------
  Melee: Falchion          ||    15
    Use: Potion            ||     1
 Armour: Robe              ||    23
  Dodge: Dodged            ||    20

Table legend: (Time is in decaauts)
 A = Elapsed time spent in this place.
 B = Non-inter-level travel time spent in this place.
 C = Inter-level travel time spent in this place.
 D = Time resting spent in this place.
 E = Time spent auto-exploring this place.
 F = Levels seen in this place.
 G = Mean time per level.
                   A        B        C        D        E       F      G
               +--------+--------+--------+--------+--------+-----+--------+
         Total |     70 |     70 |      0 |      0 |     17 |   1 |   70.0 |
       Dungeon |     70 |     70 |      0 |      0 |     17 |   1 |   70.0 |
               +--------+--------+--------+--------+--------+-----+--------+

Top non-repeatable levels by time:
     D:1: 70 daAuts
